 Dungeon Crawl Stone Soup version 0.28.0-1-gb440e238dd (webtiles) character file.

Game seed: 9021310859293865039

718 croobank the Insei (level 7, -1/46 HPs)
             Began as an Octopode Transmuter on Feb 25, 2022.
             Slain by a sky beast (6 damage)
             ... on level 4 of the Dungeon on Feb 26, 2022.
             The game lasted 00:15:39 (4737 turns).

croobank the Insei (Octopode Transmuter)            Turns: 4737, Time: 00:15:39

Health: -1/46      AC:  1    Str:  7 (9)  XL:     7   Next: 70%
Magic:  11/12      EV: 15    Int: 14 (15) God:
Gold:   129        SH:  5    Dex: 19      Spells: 5/13 levels left

rFire   + . .      SeeInvis .   s - +0 flail
rCold   . . .      Faith    .   (no shield)
rNeg    . . .      Spirit   .   (helmet restricted)
rPois   .          Reflect  +   f - amulet of reflection
rElec   .          Harm     .   t - +6 ring of dexterity
rCorr   .          Rampage  .   A - ring of protection from fire
Will    .....      Rage     1%  (no ring)
Stlth   +++.......              (no ring)
HPRegen 0.15/turn               (no ring)
MPRegen 0.13/turn               (no ring)
                                (no ring)
                                (no ring)

@: mighty, wereblooded (expiring)
A: almost no armour, amphibious, 8 rings, camouflage 1, gelatinous body 1,
(nimble swimmer 1), tentacles, berserk 1, weak 1
a: no special abilities


You were on level 4 of the Dungeon.
You visited 1 branch of the dungeon, and saw 5 of its levels.

You collected 129 gold pieces.

Inventory:

Hand Weapons
 h - a +0 whip
 i - a +0 arbalest
 s - a +0 flail (weapon)
Missiles
 a - 179 stones
 j - 6 boomerangs
 k - 49 arrows
 y - 14 sling bullets
 z - 4 javelins
Armour
 c - a +0 tower shield
Jewellery
 d - a ring of fire
 f - an amulet of reflection (around mantle)
 t - a +6 ring of dexterity (left tentacle)
 A - a ring of protection from fire (right tentacle)
Wands
 r - a wand of iceblast (9)
 x - a wand of acid (8)
Scrolls
 b - 3 scrolls of teleportation
 g - a scroll of immolation
 m - a scroll of fear
 n - a scroll of noise
 o - a scroll of amnesia
 p - a scroll of enchant armour {unknown}
Potions
 l - a potion of flight
 v - a potion of attraction


   Skills:
 + Level 3.4 Fighting
 + Level 3.9 Dodging
 + Level 4.4 Unarmed Combat
 + Level 3.6 Spellcasting
 + Level 1.7 Hexes
 + Level 3.9 Transmutations
 + Level 1.5 Air Magic


You had 5 spell levels left.
You knew the following spells:

 Your Spells              Type           Power      Damage    Failure   Level
a - Beastly Appendage     Tmut           26%        N/A       4%          1
b - Wereblood             Tmut           13%        N/A       6%          2
c - Silence               Hex/Air        3%         N/A       96%         5

Your spell library contained the following spells:

 Spells                   Type           Power      Damage    Failure   Level
 Spider Form              Tmut/Pois      8%         N/A       26%         3
 Confusing Touch          Hex            7%         N/A       30%         3
 Ozocubu's Armour         Ice            2%         N/A       52%         3
 Ice Form                 Ice/Tmut       8%         N/A       65%         4
 Blade Hands              Tmut           6%         N/A       73%         5
 Yara's Violent Unravell  Hex/Tmut       5%         3d4       87%         5
 Passage of Golubria      Tloc           2%         N/A       90%         4
 Irradiate                Conj/Tmut      4%         3d14      94%         5
 Dragon Form              Tmut           6%         N/A       100%        7
 Enfeeble                 Hex            3%         N/A       100%        7
 Ozocubu's Refrigeration  Ice            1%         4d5       100%        7
 Lehudib's Crystal Spear  Conj/Erth      1%         10d2      100%        8


Dungeon Overview and Level Annotations

Branches:
Dungeon (5/15)
 Temple: D:4-7

Altars:


Innate Abilities, Weirdness & Mutations

You cannot wear most types of armour.
You are amphibious.
You can wear up to eight rings at the same time.
Your skin changes colour to match your surroundings (Stealth+).
Your rubbery body absorbs attacks. (AC +1, EV +1)
((You are camouflaged when in or above water. (Stealth+)))
You have tentacles for arms and can constrict up to eight enemies at once.
You tend to lose your temper in combat.
You are weak. (Str -2)


Message History

The ogre closely misses you. The sky beast closely misses you.
You hit the ogre but do no damage.
You pierce the ogre.
You tentacle-slap the ogre. You squeeze the ogre.
The ogre is severely wounded.
Your transformation is almost over.
The sky beast misses you. The ogre closely misses you.
You hit the ogre.
You pierce the ogre.
You squeeze the ogre.
The ogre is almost dead.
The sky beast closely misses you. The ogre closely misses you.
The sky beast misses you.
You barely miss the ogre.
You pierce the ogre.
You feel a bit better.
You kill the ogre!
The sky beast closely misses you.
You feel your strength returning.
You hit the sky beast.
Your tentacle spike misses the sky beast.
You squeeze the sky beast!
The sky beast is heavily wounded.
The sky beast hits you. The sky beast shocks you.
You block the sky beast's attack.
You closely miss the sky beast.
You pierce the sky beast.
The sky beast is heavily wounded.
The sky beast hits you.
* * * LOW HITPOINT WARNING * * *
The sky beast shocks you.
* * * LOW HITPOINT WARNING * * *
It was a potion of might.
You feel very mighty all of a sudden. You block the sky beast's attack.
You barely miss the sky beast.
You pierce the sky beast.
The sky beast is severely wounded.
The sky beast flickers out of sight!
Deactivating autopickup; reactivate with Ctrl-A.
Something barely misses you.
You barely miss something.
Your tentacle spike misses something.
Your tentacle spike disappears.
Your primal bloodlust is almost over.
Something hits you.
* * * LOW HITPOINT WARNING * * *
Something shocks you.
You die...

..# ###'## #...# ..#
#....#####..#
..####....#..##..#
##........#..##..#
#........#..##..#
#........#..#...#
#........#..##..#
##'#######..##†)#
#...........##{@#
#...........##..#####
#...................#
#...................#
#######.###..#############
.....##.###..##...####...#
.....#...................#
.....#...................#
.....'..............>....#


There were no monsters in sight!

Vanquished Creatures
  An ogre (D:4)
  A centaur (D:3)
  2 scorpions
  A howler monkey (D:4)
  4 hounds (D:4)
  A centaur skeleton (D:3)
  2 orc priests (D:4)
  A bullfrog skeleton (D:4)
  An iguana (D:5)
  2 howler monkey zombies (D:5)
  6 adders
  A worm (D:3)
  3 dart slugs
  3 orcs
  6 endoplasms
  4 giant cockroaches
  5 goblins
  3 hobgoblins
  6 jackals (D:3)
  2 quokkas
  5 ball pythons
  3 bats (D:3)
  3 frilled lizards (D:1)
  5 kobolds
  7 rats
78 creatures vanquished.

Notes
Turn   | Place    | Note
-------+----------+-------------------------------------------
     0 | D:1      | croobank the Octopode Transmuter began the quest for the
                  | Orb.
     0 | D:1      | Reached XP level 1. HP: 13/13 MP: 3/3
   488 | D:1      | Reached XP level 2. HP: 15/18 MP: 3/5
   497 | D:1      | Learned a level 2 spell: Wereblood
   702 | D:2      | Reached XP level 3. HP: 11/23 MP: 3/6
   800 | D:2      | Found a faded altar of an unknown god.
  1642 | D:3      | Reached XP level 4. HP: 28/29 MP: 5/7
  1666 | D:3      | Noticed a centaur
  1675 | D:3      | Killed a centaur
  1676 | D:3      | Reached XP level 5. HP: 15/34 MP: 6/9
  2802 | D:4      | Reached XP level 6. HP: 41/41 MP: 6/10
  3008 | D:4      | Reached skill level 4 in Unarmed Combat
  3266 | D:4      | Learned a level 5 spell: Silence
  3938 | D:5      | Entered Level 5 of the Dungeon
  4151 | D:5      | HP: 1/42 [scorpion (10)]
  4154 | D:5      | Gained mutation: You are weak. (Str -2) [potion of
                  | mutation]
  4154 | D:5      | Gained mutation: You tend to lose your temper in combat.
                  | [potion of mutation]
  4159 | D:5      | Reached skill level 1 in Air Magic
  4159 | D:5      | Reached XP level 7. HP: 9/46 MP: 10/12
  4418 | D:5      | Reached skill level 1 in Hexes
  4737 | D:4      | Slain by a sky beast

Illustrated notes

Levels and vault maps discovered:
D:1:      minmay_arrival_pointy, layout_rooms
D:2:      layout_loops_cross, hellmonk_ecumenical_altar_lost_god
D:3:      layout_basic, portal_sewer_entry_d, chequers_mini_garden
D:4:      layout_gridville, serial_park_tiny_pond
D:5:      layout_basic, minmay_starry_boxes

Skill      XL: |  1  2  3  4  5  6  7 |
---------------+----------------------+-----
Fighting       | 2 3 |  3.4
Dodging        | 3 |  3.9
Transmutations | 3 |  3.9
Spellcasting   | 3 |  3.6
Unarmed Combat | 4 |  4.4
Air Magic      | 1 |  1.5
Hexes          | 1 |  1.7

Action                   |  1- 3 |  4- 6 |  7- 9 || total
-------------------------+-------+-------+-------++-------
Melee: Unarmed           |    38 |       |       ||    38
       Constrict         |    17 |    27 |     4 ||    48
       Tentacles         |     8 |    19 |    10 ||    37
       Kick              |    14 |    23 |     9 ||    46
       Punch             |     1 |     3 |     1 ||     5
       Whip              |    30 |    58 |       ||    88
       Flail             |       |    44 |    25 ||    69
 Cast: Beastly Appendage |    21 |    21 |     2 ||    44
       Wereblood         |     1 |     2 |     2 ||     5
  Use: Scroll            |     1 |     4 |       ||     5
       Potion            |       |     6 |     1 ||     7
 Stab: Sleeping          |     3 |    12 |       ||    15
Armor: Skin              |     2 |     8 |     2 ||    12
Dodge: Dodged            |    37 |    81 |    36 ||   154
Block: Other             |     8 |    33 |    13 ||    54
       Reflection        |     1 |     2 |       ||     3
